3AAA
MILTON DOGFISH HEAD @ HAMILTON COYOTES
09/01/2041
 
TOP OF THE 1ST
Milton Dogfish Head batting - Pitching for Hamilton Coyotes : RHP Jesús Castillo
Pitching: RHP Jesús Castillo
Batting: RHB William Penn 0-0: Ball
1-0: Swinging Strike
1-1: Swinging Strike
1-2: Foul Ball, location: 2F
1-2: Strikes out swinging
Batting: RHB Tyler Marés 0-0: Ball
1-0: Ground out 4-3 (Groundball, 4, EV 83.8 MPH)
Batting: RHB Virgil Guldenmond 0-0: Ball
1-0: Called Strike
1-1: SINGLE (Groundball, 4MD, EV 100.6 MPH)
Batting: RHB Colton Pennington 0-0: Foul Ball, location: 2F
0-1: Called Strike
0-2: Ball
1-2: Ball
2-2: Strikes out looking
Top of the 1st over - 0 runs, 1 hit, 0 errors, 1 left on base; Milton 0 - Hamilton 0
BOTTOM OF THE 1ST
Hamilton Coyotes batting - Pitching for Milton Dogfish Head : RHP António Morales
Pitching: RHP António Morales
Batting: LHB Jason Powell 0-0: Ball
1-0: Fly out, F4 (Popup, 4, EV 63.8 MPH)
Batting: RHB Cary Collins 0-0: Foul Ball, location: 2F
0-1: Ball
1-1: Ball
2-1: Called Strike
2-2: Ball
3-2: Strikes out swinging
Batting: SHB Alex Warner 0-0: Ball
1-0: Ball
2-0: Ball
3-0: Called Strike
3-1: Foul Ball, location: 2F
3-2: Ground out 6-3 (Groundball, 4M, EV 97.5 MPH)
Bottom of the 1st over - 0 runs, 0 hits, 0 errors, 0 left on base; Milton 0 - Hamilton 0
TOP OF THE 2ND
Milton Dogfish Head batting - Pitching for Hamilton Coyotes : RHP Jesús Castillo
Batting: RHB Bobby Norris 0-0: Ball
1-0: Swinging Strike
1-1: SINGLE (Groundball, 56D, EV 106.2 MPH)
Batting: RHB Anthony Hollis 0-0: Swinging Strike
0-1: Foul Ball, location: 2F
0-2: Strikes out swinging
Batting: RHB Arnie Taylor 0-0: Ball
1-0: Ball
2-0: SINGLE (Groundball, 34D, EV 105.0 MPH)
Bobby Norris to second
Runner from 2nd tries for 3rd, SAFE, throw by RF made to third
Batting: LHB John Mayer 0-0: Called Strike
0-1: Ball
1-1: Ball
2-1: Foul Ball, location: 2F
2-2: Foul Ball, location: 2F
2-2: Strikes out looking
Batting: RHB Cédric Causse 0-0: Ball
Arnie Taylor steals 2nd base
1-0: Foul Ball, location: 2F
1-1: SINGLE (Groundball, 6MD, EV 107.5 MPH)
Bobby Norris scores
Arnie Taylor to third
Runner from 3rd tries for Home, SAFE, throw by CF to home
Cédric Causse to second
Batting: RHB William Penn 0-0: Called Strike
0-1: Ball
1-1: Swinging Strike
1-2: Strikes out looking
Top of the 2nd over - 2 runs, 3 hits, 0 errors, 1 left on base; Milton 2 - Hamilton 0
BOTTOM OF THE 2ND
Hamilton Coyotes batting - Pitching for Milton Dogfish Head : RHP António Morales
Batting: RHB Scott Robertson 0-0: Ball
1-0: Ball
2-0: Called Strike
2-1: Swinging Strike
2-2: Strikes out looking
Batting: RHB Rey McSriff 0-0: Ball
1-0: Called Strike
1-1: Ball
2-1: Fly out, F9 (Line Drive, 9, EV 92.5 MPH)
Batting: RHB Gary Goodwin 0-0: Ball
1-0: Swinging Strike
1-1: Ball
2-1: Called Strike
2-2: Foul Ball, location: 2F
2-2: Strikes out swinging
Bottom of the 2nd over - 0 runs, 0 hits, 0 errors, 0 left on base; Milton 2 - Hamilton 0
TOP OF THE 3RD
Milton Dogfish Head batting - Pitching for Hamilton Coyotes : RHP Jesús Castillo
Batting: RHB Tyler Marés 0-0: Hit by Pitch
Batting: RHB Virgil Guldenmond 0-0: Ball
1-0: Ball
2-0: Ball
3-0: Called Strike
3-1: Called Strike
3-2: Base on Balls
Tyler Marés to second
Batting: RHB Colton Pennington 0-0: Reached on error, E6 (Groundball, 6, EV 86.2 MPH)
Tyler Marés to third
Virgil Guldenmond to second
Batting: RHB Bobby Norris 0-0: Ball
1-0: Called Strike
1-1: Called Strike
1-2: Fielders Choice at 2nd, 3-6 (Groundball, 34, EV 78.1 MPH)
Tyler Marés scores
Virgil Guldenmond to third
Batting: RHB Anthony Hollis 0-0: Ball
1-0: Ball
2-0: Fly out, F8 (Flyball, 8RD, EV 86.2 MPH)
Runner from 3rd tags up, SCORES, throw by CF
Batting: RHB Arnie Taylor 0-0: Ball
1-0: Called Strike
1-1: Ball
2-1: Foul Ball, location: 2F
2-2: SINGLE (Line Drive, 8RS, EV 95.0 MPH)
Bobby Norris to second
Runner from 2nd tries for 3rd, SAFE, throw by CF made to third
Batting: LHB John Mayer 0-0: Foul Ball, location: 2F
0-1: SINGLE (Line Drive, 6D, EV 98.8 MPH)
Bobby Norris scores
Arnie Taylor to second
Runner from 2nd tries for 3rd, OUT! 8-5
Top of the 3rd over - 3 runs, 2 hits, 1 error, 1 left on base; Milton 5 - Hamilton 0
BOTTOM OF THE 3RD
Hamilton Coyotes batting - Pitching for Milton Dogfish Head : RHP António Morales
Batting: RHB Kazunari Mizuno 0-0: Called Strike
0-1: Ground out U3 (Groundball, 3, EV 81.2 MPH)
Batting: SHB Júlio Moreno 0-0: Foul Ball, location: 2F
0-1: Ball
1-1: Swinging Strike
1-2: Strikes out swinging
Batting: RHB Dylan Oram 0-0: Ball
1-0: Fly out, F8 (Line Drive, 8LM, EV 89.4 MPH)
Bottom of the 3rd over - 0 runs, 0 hits, 0 errors, 0 left on base; Milton 5 - Hamilton 0
TOP OF THE 4TH
Milton Dogfish Head batting - Pitching for Hamilton Coyotes : RHP Jesús Castillo
Batting: RHB Cédric Causse 0-0: Ball
1-0: Fly out, F9 (Flyball, 9S, EV 93.1 MPH)
Batting: RHB William Penn 0-0: Ball
1-0: Called Strike
1-1: Ball
2-1: SINGLE (Line Drive, 5D, EV 96.9 MPH)
Batting: RHB Tyler Marés 0-0: Ball
1-0: SINGLE (Line Drive, 9LM, EV 105.0 MPH)
William Penn to second
Batting: RHB Virgil Guldenmond 0-0: Called Strike
0-1: Ball
1-1: Foul Ball, location: 2F
1-2: Ball
2-2: Fly out, F9 (Flyball, 89S, EV 86.2 MPH)
Batting: RHB Colton Pennington 0-0: Ball
1-0: Called Strike
1-1: Ball
2-1: Foul Ball, location: 2F
2-2: Foul Ball, location: 2F
2-2: Ball
3-2: SINGLE (Flyball, 89M, EV 93.8 MPH)
William Penn to third
Tyler Marés to second
William Penn scores
Tyler Marés to third
Pitching: RHP Apollo Vermouth
Batting: RHB Bobby Norris 0-0: Called Strike
0-1: Foul Ball, location: 2F
0-2: Foul Ball, location: 2F
0-2: Fly out, F9 (Line Drive, 9, EV 94.4 MPH)
Top of the 4th over - 1 run, 3 hits, 0 errors, 2 left on base; Milton 6 - Hamilton 0
BOTTOM OF THE 4TH
Hamilton Coyotes batting - Pitching for Milton Dogfish Head : RHP António Morales
Batting: LHB Jason Powell 0-0: Ball
1-0: Ball
2-0: Called Strike
2-1: TRIPLE (Flyball, 78XD, EV 95.6 MPH)
Batting: RHB Cary Collins 0-0: Ground out 6-3 (Groundball, 6S, EV 84.4 MPH)
Jason Powell scores
Batting: SHB Alex Warner 0-0: Swinging Strike
0-1: Ball
1-1: Swinging Strike
1-2: Strikes out swinging
Batting: RHB Scott Robertson 0-0: Ball
1-0: Foul Ball, location: 2F
1-1: Ball
2-1: Foul Ball, location: 2F
2-2: Foul Ball, location: 2F
2-2: Ground out 5-3 (Groundball, 56, EV 98.8 MPH)
Bottom of the 4th over - 1 run, 1 hit, 0 errors, 0 left on base; Milton 6 - Hamilton 1
TOP OF THE 5TH
Milton Dogfish Head batting - Pitching for Hamilton Coyotes : RHP Apollo Vermouth
Batting: RHB Anthony Hollis 0-0: Swinging Strike
0-1: Ball
1-1: Swinging Strike
1-2: Foul Ball, location: 2F
1-2: Strikes out swinging
Batting: RHB Arnie Taylor 0-0: Ball
1-0: Ball
2-0: Foul Ball, location: 2F
2-1: Swinging Strike
2-2: Hit by Pitch
Batting: LHB John Mayer 0-0: Ball
1-0: Ball
2-0: Called Strike
2-1: Swinging Strike
2-2: Strikes out swinging
Batting: RHB Cédric Causse 0-0: Called Strike
0-1: Foul Ball, location: 2F
0-2: Strikes out looking
Top of the 5th over - 0 runs, 0 hits, 0 errors, 1 left on base; Milton 6 - Hamilton 1
BOTTOM OF THE 5TH
Hamilton Coyotes batting - Pitching for Milton Dogfish Head : RHP António Morales
Batting: RHB Rey McSriff 0-0: Foul Ball, location: 2F
0-1: Ball
1-1: Foul Ball, location: 2F
1-2: Ball
2-2: SINGLE (Groundball, 34D, EV 99.4 MPH)
Batting: RHB Gary Goodwin 0-0: Ball
1-0: Called Strike
1-1: Hit by Pitch
Rey McSriff to second
Batting: RHB Kazunari Mizuno 0-0: Ball
1-0: Called Strike
1-1: Foul Ball, location: 2F
1-2: Foul Ball, location: 2F
1-2: Fly out, F6 (Popup, 6M, EV 61.9 MPH)
Batting: SHB Júlio Moreno 0-0: Ball
1-0: Foul Ball, location: 2F
1-1: Swinging Strike
1-2: Ball
2-2: Ball
3-2: Strikes out swinging
Batting: RHB Dylan Oram 0-0: Ball
1-0: Foul Ball, location: 2F
1-1: Fly out, F8 (Line Drive, 8RM, EV 90.6 MPH)
Bottom of the 5th over - 0 runs, 1 hit, 0 errors, 2 left on base; Milton 6 - Hamilton 1
TOP OF THE 6TH
Milton Dogfish Head batting - Pitching for Hamilton Coyotes : RHP Apollo Vermouth
Batting: RHB William Penn 0-0: Ball
1-0: Foul Ball, location: 2F
1-1: Called Strike
1-2: Strikes out swinging
Batting: RHB Tyler Marés 0-0: Ball
1-0: Swinging Strike
1-1: Foul Ball, location: 2F
1-2: Ground out 5-3 (Groundball, 5S, EV 90.0 MPH)
Batting: RHB Virgil Guldenmond 0-0: Called Strike
0-1: Ball
1-1: SINGLE (Flyball, 89S, EV 90.6 MPH)
Batting: RHB Colton Pennington 0-0: Ball
1-0: SINGLE (Line Drive, 7S, EV 93.1 MPH)
Virgil Guldenmond to second
Batting: RHB Bobby Norris 0-0: Swinging Strike
0-1: Swinging Strike
0-2: Foul Ball, location: 2F
0-2: Strikes out swinging
Top of the 6th over - 0 runs, 2 hits, 0 errors, 2 left on base; Milton 6 - Hamilton 1
BOTTOM OF THE 6TH
Hamilton Coyotes batting - Pitching for Milton Dogfish Head : RHP António Morales
Batting: LHB Jason Powell 0-0: Swinging Strike
0-1: Ball
1-1: SINGLE (Line Drive, 9S, EV 94.4 MPH)
Batting: RHB Cary Collins 0-0: Called Strike
0-1: Ball
1-1: Swinging Strike
1-2: Foul Ball, location: 2F
1-2: Strikes out looking
Batting: SHB Alex Warner 0-0: Ball
1-0: Ball
2-0: Foul Ball, location: 2F
2-1: SINGLE (Groundball, 4D, EV 100.6 MPH)
Jason Powell to second
Runner from 2nd tries for 3rd, SAFE, throw by CF made to third
Batting: RHB Scott Robertson 0-0: Ball
1-0: Foul Ball, location: 2F
1-1: Foul Ball, location: 2F
1-2: Ball
2-2: Ball
3-2: SINGLE (Line Drive, 7S, EV 93.8 MPH)
Jason Powell scores
Alex Warner to second
Pitching: RHP Jeffery Johnston
Batting: RHB Rey McSriff 0-0: 3-RUN HOME RUN (Flyball, 89XD, EV 98.1 MPH), Distance : 362 ft
Batting: RHB Gary Goodwin 0-0: Ball
1-0: Ball
2-0: Ball
3-0: Called Strike
3-1: Ground out 6-3 (Groundball, 56, EV 85.0 MPH)
Batting: RHB Kazunari Mizuno 0-0: Foul Ball, location: 2F
0-1: DOUBLE (Line Drive, 89D, EV 110.6 MPH)
Batting: SHB Júlio Moreno 0-0: SINGLE (Groundball, 4S, EV 88.1 MPH) (infield hit)
Kazunari Mizuno to third
Batting: RHB Dylan Oram 0-0: SINGLE (Line Drive, 89S, EV 98.8 MPH)
Kazunari Mizuno scores
Júlio Moreno to second
Runner from 2nd tries for 3rd, SAFE, throw by RF made to third
Batting: LHB Jason Powell 0-0: Ball
1-0: Ball
2-0: Ball
3-0: Called Strike
3-1: Foul Ball, location: 2F
3-2: Foul Ball, location: 2F
3-2: Base on Balls
Dylan Oram to second
Batting: RHB Cary Collins 0-0: Fielders Choice at 2nd, 5-4 (Groundball, 5, EV 85.6 MPH)
Bottom of the 6th over - 5 runs, 7 hits, 0 errors, 3 left on base; Milton 6 - Hamilton 6
TOP OF THE 7TH
Milton Dogfish Head batting - Pitching for Hamilton Coyotes : RHP Apollo Vermouth
Batting: RHB Anthony Hollis 0-0: Called Strike
0-1: Swinging Strike
0-2: Foul Ball, location: 2F
0-2: Ball
1-2: Ball
2-2: Ball
3-2: SINGLE (Flyball, 9LS, EV 93.1 MPH)
Batting: RHB Arnie Taylor 0-0: Ball
1-0: Sac Bunt to 15 - play at first, batter safe!
Anthony Hollis to second
Batting: LHB John Mayer 0-0: Called Strike
0-1: Fly out, F8 (Flyball, 8RS, EV 77.5 MPH)
Batting: RHB Cédric Causse 0-0: Fly out, F8 (Flyball, 8LXD, EV 100.0 MPH)
Runner from 2nd tags up, SAFE at 3rd, no throw by CF
Batting: RHB William Penn 0-0: Ball
1-0: Foul Ball, location: 2F
1-1: Swinging Strike
1-2: Ball
2-2: Foul Ball, location: 2F
2-2: SINGLE (Groundball, 56D, EV 97.5 MPH)
Anthony Hollis scores
Arnie Taylor to second
Batting: RHB Tyler Marés 0-0: Ball
1-0: Foul Ball, location: 2F
1-1: Swinging Strike
1-2: Strikes out swinging
Top of the 7th over - 1 run, 3 hits, 0 errors, 2 left on base; Milton 7 - Hamilton 6
BOTTOM OF THE 7TH
Hamilton Coyotes batting - Pitching for Milton Dogfish Head : RHP Jeffery Johnston
Batting: SHB Alex Warner 0-0: Ball
1-0: SINGLE (Flyball, 9S, EV 93.8 MPH) - OUT at second base trying to stretch hit.
Batting: RHB Scott Robertson 0-0: Fly out, F8 (Flyball, 8LXD, EV 95.0 MPH)
Batting: RHB Rey McSriff 0-0: Called Strike
0-1: Called Strike
0-2: Ball
1-2: Strikes out swinging
Bottom of the 7th over - 0 runs, 1 hit, 0 errors, 0 left on base; Milton 7 - Hamilton 6
TOP OF THE 8TH
Milton Dogfish Head batting - Pitching for Hamilton Coyotes : RHP Apollo Vermouth
Batting: RHB Virgil Guldenmond 0-0: Called Strike
0-1: Foul Ball, location: 2F
0-2: Ball
1-2: SINGLE (Groundball, 4MD, EV 104.4 MPH)
Pitching: RHP Mitchell Atwell
Batting: RHB Colton Pennington 0-0: Ball
1-0: Fly out, F7 (Flyball, 7, EV 71.2 MPH)
Batting: RHB Bobby Norris 0-0: Foul Ball, location: 2F
0-1: Fly out, F8 (Flyball, 8LS, EV 93.1 MPH)
Batting: RHB Anthony Hollis 0-0: Called Strike
0-1: Ball
1-1: Ball
2-1: Foul Ball, location: 2F
2-2: Ball
3-2: Ground out 3-1 (Groundball, 3, EV 81.2 MPH)
Top of the 8th over - 0 runs, 1 hit, 0 errors, 1 left on base; Milton 7 - Hamilton 6
BOTTOM OF THE 8TH
Hamilton Coyotes batting - Pitching for Milton Dogfish Head : RHP Jeffery Johnston
Now at 1B: Lawrence O'Neal
Batting: RHB Gary Goodwin 0-0: Called Strike
0-1: Called Strike
0-2: Foul Ball, location: 2F
0-2: Strikes out looking
Batting: RHB Kazunari Mizuno 0-0: Ground out 4-3 (Groundball, 4, EV 109.4 MPH)
Batting: SHB Júlio Moreno 0-0: Swinging Strike
0-1: Ball
1-1: SINGLE (Groundball, 4MD, EV 98.8 MPH)
Pitching: RHP De Dion-Bouton
Batting: RHB Dylan Oram 0-0: Ball
1-0: Ball
2-0: Ball
3-0: Called Strike
3-1: Fielders Choice at 2nd, 6-4 (Groundball, 6, EV 85.0 MPH)
Bottom of the 8th over - 0 runs, 1 hit, 0 errors, 1 left on base; Milton 7 - Hamilton 6
TOP OF THE 9TH
Milton Dogfish Head batting - Pitching for Hamilton Coyotes : RHP Mitchell Atwell
Pitching: RHP Jack Salt
Batting: RHB Arnie Taylor 0-0: Ball
1-0: Ball
2-0: Called Strike
2-1: Fly out, F8 (Flyball, 8LM, EV 91.2 MPH)
Batting: LHB John Mayer 0-0: Ball
1-0: Called Strike
1-1: Ball
2-1: Swinging Strike
2-2: Foul Ball, location: 2F
2-2: Strikes out swinging
Batting: RHB Cédric Causse 0-0: Ball
1-0: Foul Ball, location: 2F
1-1: Swinging Strike
1-2: Ground out U3 (Groundball, 3, EV 105.6 MPH)
Top of the 9th over - 0 runs, 0 hits, 0 errors, 0 left on base; Milton 7 - Hamilton 6
BOTTOM OF THE 9TH
Hamilton Coyotes batting - Pitching for Milton Dogfish Head : RHP De Dion-Bouton
Pitching: RHP Sergio Tacuri
Batting: LHB Jason Powell 0-0: Called Strike
0-1: Ball
1-1: Ground out 4-3 (Groundball, 34, EV 106.2 MPH)
Pinch Hitting: LHB Ánibal Lima 0-0: SOLO HOME RUN (Flyball, 78XD, EV 104.4 MPH), Distance : 388 ft
Batting: SHB Alex Warner 0-0: Ball
1-0: Called Strike
1-1: Ball
2-1: Foul Ball, location: 2F
2-2: Foul Ball, location: 2F
2-2: SINGLE (Groundball, 4MD, EV 103.1 MPH)
Batting: RHB Scott Robertson 0-0: Ball
1-0: Called Strike
1-1: Foul Ball, location: 2F
1-2: Foul Ball, location: 2F
1-2: Ball
2-2: Ball
3-2: Base on Balls
Alex Warner to second
Pitching: LHP Poto Boldrini
Batting: RHB Rey McSriff 0-0: Swinging Strike
0-1: Ball
1-1: Ball
2-1: Foul Ball, location: 2F
2-2: Strikes out swinging
Batting: RHB Gary Goodwin 0-0: Foul Ball, location: 2F
0-1: 3-RUN HOME RUN (Flyball, 7D, EV 95.0 MPH), Distance : 376 ft
Tuesday, January 5th, 2021 - OOTP Baseball 20.8 Build 74